 Dungeon Crawl Stone Soup version 0.21-a0-442-g848f44b (webtiles) character file.

2858 tof the Slasher (level 9, -10/62 HPs)
             Began as a Demonspawn Monk on Nov 14, 2017.
             Was a Believer of Hepliaklqana.
             Mangled by a two-headed ogre
             ... wielding a +0 giant spiked club
              (16 damage)
             ... on level 8 of the Dungeon.
             The game lasted 00:22:56 (5938 turns).

tof the Slasher (Demonspawn Monk)                   Turns: 5938, Time: 00:22:57

Health: -10/62     AC:  9    Str: 11    XL:     9   Next: 47%
Magic:  7/9        EV: 14    Int: 13    God:    Hepliaklqana [**....]
Gold:   496        SH:  6    Dex: 22    Spells: 7/8 levels left

rFire    . . .     SeeInvis .   a - +4 falchion (vamp)
rCold    + . .     Gourm    .   B - +0 buckler
rNeg     . . .     Faith    .   p - +4 ring mail
rPois    .         Spirit   .   (helmet restricted)
rElec    .         Reflect  .   (no cloak)
rCorr    .         Harm     .   (no gloves)
MR       .....                  (no boots)
Stlth    +++++.....             k - amulet of regeneration
HPRegen  0.60/turn              m - ring of stealth
MPRegen  0.11/turn              (no ring)

@: no status effects
A: reduced essence, antennae 1, thin skeletal structure 2, cold resistance 1,
freezing cloud immunity
a: Recall Ancestor, Ancestor Identity, Renounce Religion


You were on level 8 of the Dungeon.
You worshipped Hepliaklqana.
Hepliaklqana was pleased with you.
You were hungry.

You visited 2 branches of the dungeon, and saw 9 of its levels.

You collected 496 gold pieces.

Inventory:

Hand Weapons
 a - a +4 vampiric falchion (weapon)
 h - a +0 falchion
Missiles
 i - 3 tomahawks (quivered)
Armour
 p - a +4 ring mail (worn)
 w - a +0 ring mail of fire resistance
 B - a +0 buckler (worn)
Jewellery
 k - an amulet of regeneration (around neck)
 m - a ring of stealth (left hand)
Wands
 C - a wand of disintegration (14/24)
 G - a wand of random effects (24/48)
Scrolls
 d - 3 scrolls of amnesia
 e - a scroll of magic mapping
 j - 4 scrolls of remove curse
 l - 4 scrolls of teleportation {unknown}
 o - 3 scrolls of enchant armour {unknown}
 q - a scroll of fog
 u - 3 scrolls of recharging {unknown}
Potions
 b - a potion of brilliance {unknown}
 f - 3 potions of curing {unknown}
 n - 2 potions of mutation {unknown}
 r - 2 potions of agility {unknown}
 t - a potion of degeneration {unknown}
 v - a potion of magic {unknown}
 x - 2 potions of flight {unknown}
 z - a potion of invisibility {unknown}
 A - a potion of might {unknown}
 D - a potion of heal wounds
 E - 2 potions of haste {unknown}
 I - a potion of resistance {unknown}
Books
 y - a book of Cantrips

   Spells                             Type                      Level
   a - Confusing Touch                Hexes                        1
   b - Animate Skeleton               Necromancy                   1
   c - Summon Small Mammal            Summoning                    1
   d - Apportation                    Translocation                1
 H - a book of Callings

   Spells                             Type                      Level
   a - Summon Small Mammal            Summoning                    1
   b - Call Imp                       Summoning                    2
   c - Call Canine Familiar           Summoning                    3
   d - Summon Guardian Golem          Hexes/Summoning              3
   e - Summon Lightning Spire         Summoning/Air                4
   f - Summon Ice Beast               Ice/Summoning                4
Comestibles
 c - 4 bread rations
 g - 4 meat rations
 s - 3 royal jellies
 F - 2 fruits
 J - 4 chunks of flesh


   Skills:
 + Level 5.8 Fighting
 * Level 7.0 Long Blades
 + Level 4.2 Armour
 + Level 5.2 Dodging
 + Level 5.0 Stealth
 + Level 3.2 Shields
 + Level 3.0 Summonings


You had 7 spell levels left.
You knew the following spells:

 Your Spells              Type           Power        Failure   Level  Hunger
a - Summon Small Mammal   Summ           #...         22%         1    ##.....


Dungeon Overview and Level Annotations

Branches:
Dungeon (8/15)             Temple (1/1) D:6            Lair (0/6) D:8

Altars:
Ashenzari
Dithmenos
Elyvilon
Fedhas
Gozag
Hepliaklqana
Makhleb
Okawaru
Ru
Trog
Wu Jian
Xom
Yredelemnul

Shops:
D:4 %


Innate Abilities, Weirdness & Mutations

You have a pair of small antennae on your head.
You have a moderately thin skeletal structure. (Dex +4, Stealth+)
Your flesh is cold resistant. (rC+)
You are immune to freezing clouds.
Your life essence is reduced to manifest your ancestor. (-10% HP)


Message History

Your rat barely misses the two-headed ogre.
Your bat hits the two-headed ogre.
Your rat bites the two-headed ogre but does no damage.
You see here a war axe.
Your bat barely misses the two-headed ogre.
The two-headed ogre barely misses your rat.
The two-headed ogre hits your rat with a giant club!
Your rat dies!
Your rat's corpse disappears in a puff of smoke!
You hit the two-headed ogre.
The two-headed ogre is severely wounded.
Your bat completely misses the two-headed ogre.
The two-headed ogre hits you with a giant spiked club!!
The two-headed ogre hits you with a giant club!!
* * * LOW HITPOINT WARNING * * *
You completely miss the two-headed ogre.
The two-headed ogre is severely wounded.
Your bat hits the two-headed ogre but does no damage.
The two-headed ogre hits you with a giant spiked club!
You die...

#<######........##
#.# #..........# ###
#........#.
#........# #....>...#
#....<...#
######........#
#.........)...####.#.
#.........@..........
#>.......bO.......#..
#.................#
#.............#####
#..[.......####
#..........#
#.....<....#
#..........#
#..........#####


You could see a two-headed ogre and a friendly bat.

Vanquished Creatures
  A hippogriff (D:6)
  Sigmund (D:6)
  A water moccasin (D:5)
  3 ice beasts
  A phantom (D:5)
  A bullfrog (D:6)
  A wight (D:5)
  4 crimson imps
  A centaur zombie (D:5)
  A jelly (D:4)
  2 bullfrog skeletons
  3 orc priests
  4 hounds
  4 orc wizards
  An iguana (D:6)
  2 worker ants
  A hound zombie (D:8)
  5 adders
  8 gnolls
  An adder zombie (D:5)
  3 adder skeletons (D:5)
  5 worms
  A dart slug (D:3)
  3 leopard geckos
  23 orcs
  2 ball pythons
  8 bats
  4 giant cockroaches
  7 goblins
  10 hobgoblins
  6 jackals
  3 quokkas
  4 frilled lizards
  4 kobolds
  4 rats
133 creatures vanquished.

Vanquished Creatures (collateral kills)
  A two-headed ogre (D:8)
  A water moccasin (D:7)
  A phantom (D:8)
  A centaur (D:7)
  A bullfrog (D:6)
  A gnoll shaman (D:6)
  A worker ant (D:6)
  An adder (D:7)
  2 jackals (D:8)
10 creatures vanquished.

Vanquished Creatures (others)
  3 battlemagi
3 creatures vanquished.

Grand Total: 146 creatures vanquished

Notes
Turn   | Place    | Note
-------+----------+-------------------------------------------
     0 | D:1      | tof the Demonspawn Monk began the quest for the Orb.
     0 | D:1      | Reached XP level 1. HP: 18/18 MP: 1/1
   186 | D:1      | Gained mutation: You have a somewhat thin skeletal structure. (Dex +2, Stealth) [demonic ancestry]
   186 | D:1      | Reached XP level 2. HP: 17/24 MP: 2/2
   318 | D:1      | Reached skill level 3 in Long Blades
   819 | D:2      | Gained mutation: You have a moderately thin skeletal structure. (Dex +4, Stealth+) [demonic ancestry]
   819 | D:2      | Reached XP level 3. HP: 23/29 MP: 3/3
  1001 | D:2      | Reached skill level 1 in Armour
  1188 | D:2      | Reached XP level 4. HP: 26/35 MP: 4/4
  1336 | D:2      | Found a white marble altar of Elyvilon.
  1622 | D:3      | Reached XP level 5. HP: 37/41 MP: 5/5
  1983 | D:3      | Reached skill level 4 in Long Blades
  2591 | D:4      | Noticed an ice beast
  2605 | D:4      | Killed an ice beast
  2605 | D:4      | Reached XP level 6. HP: 39/48 MP: 6/6
  2974 | D:4      | Found Wuilit's Food Emporium.
  3281 | D:4      | Gained mutation: Your flesh is cold resistant. (rC+) [demonic ancestry]
  3281 | D:4      | Reached XP level 7. HP: 45/54 MP: 7/7
  3419 | D:5      | Entered Level 5 of the Dungeon
  3940 | D:5      | Reached skill level 5 in Long Blades
  4006 | D:5      | Reached skill level 1 in Shields
  4333 | D:6      | Gained mutation: You have a pair of small antennae on your head. [demonic ancestry]
  4333 | D:6      | Reached XP level 8. HP: 61/61 MP: 8/8
  4347 | D:6      | Learned a level 1 spell: Summon Small Mammal
  4352 | D:6      | Found an opulent altar of Gozag.
  4590 | D:6      | Noticed a hippogriff
  4607 | D:6      | Killed a hippogriff
  4607 | D:6      | Reached skill level 5 in Fighting
  4607 | D:6      | Reached skill level 6 in Long Blades
  4607 | D:6      | Reached skill level 1 in Summonings
  4748 | D:6      | Found a staircase to the Ecumenical Temple.
  4771 | Temple   | Entered the Ecumenical Temple
  4811 | Temple   | Became a worshipper of Hepliaklqana the Forgotten
  4811 | Temple   | Reached * piety under Hepliaklqana
  4811 | Temple   | Reached ** piety under Hepliaklqana
  4812 | Temple   | Remembered your ancestor Tawil as a battlemage
  5089 | D:6      | Noticed Sigmund
  5093 | D:6      | Found a basalt altar of Yredelemnul.
  5107 | D:6      | Killed Sigmund
  5290 | D:7      | Gained mutation: You are immune to freezing clouds. [demonic ancestry]
  5290 | D:7      | Reached XP level 9. HP: 37/61 MP: 9/9
  5721 | D:8      | Found a staircase to the Lair.
  5753 | D:8      | Noticed a two-headed ogre
  5761 | D:8      | Killed a two-headed ogre
  5761 | D:8      | Reached skill level 5 in Dodging
  5761 | D:8      | Reached skill level 5 in Stealth
  5792 | D:8      | Reached skill level 7 in Long Blades
  5860 | D:8      | Noticed a two-headed ogre
  5938 | D:8      | Mangled by a two-headed ogre

Vault maps used:
D:1:      lightli_arrival_flooded_house
D:2:      elyvilon_altar_1
D:3:      patterned_corridor
D:4:      first_bread, serial_shops, nicolae_shop_stone,
          minmay_misc_feat_secret_circle, palyth_stone_intersect,
          grunt_ministairs_4, hangedman_decor_riveting
D:5:      cheibrodos_barr_body
D:6:      lemuel_coloured_pillars_altar, minmay_temple_entry_overgrown,
          basic_altar, uniq_sigmund
D:7:      water_boxes_lemuel, uniq_pikel
D:8:      lair_entry_dummy
Temple:   compressed_dpeg_triangle_lava_temple

Skill      XL: |  1  2  3  4  5  6  7  8  9 |
---------------+----------------------------+-----
Long Blades    | 3 4 5 6 7 |  7.0
Stealth        | 2 3 4 5 |  5.0
Dodging        | 3 4 5 |  5.2
Armour         | 1 2 3 4 |  4.2
Fighting       | 4 5 |  5.8
Shields        | 1 2 3 |  3.2
Summonings     | 2 3 |  3.0

Action                   |  1- 3 |  4- 6 |  7- 9 || total
-------------------------+-------+-------+-------++-------
Melee: Falchion          |   130 |   216 |   398 ||   744
Throw: Tomahawk          |       |       |     9 ||     9
 Cast: Summon Small Mamm |       |       |     7 ||     7
Invok: Ancestor Life: Ba |       |       |     1 ||     1
  Use: Scroll            |       |     3 |     9 ||    12
 Stab: Sleeping          |     7 |    10 |     9 ||    26
       Distracted        |       |       |     1 ||     1
  Eat: Chunk             |     1 |     6 |    11 ||    18
       Bread ration      |       |     1 |       ||     1
Armor: Chain mail        |    53 |       |       ||    53
       Ring mail         |    21 |   121 |   131 ||   273
Dodge: Dodged            |    79 |   198 |   180 ||   457
Block: Buckler           |       |     3 |    71 ||    74
       Rpst.: Falchion   |    30 |    55 |    57 ||   142

Table legend:
 A = Spawn XP
 B = Non-spawn XP
 C = Spawn XP percentage of total XP
 D = Spawn monster count
 E = Non-spawn monster count
 F = Spawn count percentage of total count
 G = Total turns spent on level
                    A         B        C        D         E        F      G
               +---------+---------+-------+---------+---------+-------+---------
         Total |       0 |    4083 |   0.0 |       0 |     143 |   0.0 |  5938
               +---------+---------+-------+---------+---------+-------+---------
           D:1 |       0 |      28 |   0.0 |       0 |      16 |   0.0 |   738
           D:2 |       0 |      90 |   0.0 |       0 |      26 |   0.0 |   836
           D:3 |       0 |     205 |   0.0 |       0 |      31 |   0.0 |   904
           D:4 |       0 |     416 |   0.0 |       0 |      23 |   0.0 |   941
           D:5 |       0 |     679 |   0.0 |       0 |      21 |   0.0 |   947
           D:6 |       0 |    1164 |   0.0 |       0 |      16 |   0.0 |   833
           D:7 |       0 |     282 |   0.0 |       0 |       3 |   0.0 |   443
           D:8 |       0 |    1219 |   0.0 |       0 |       7 |   0.0 |   235
               +---------+---------+-------+---------+---------+-------+---------
